AA
MILWAUKEE MILKMEN @ CLEBURNE RAILROADERS
05/01/2072
 
TOP OF THE 1ST
White Sands Pupfish batting - Pitching for Ruidoso Osos : RHP Zach Kirby
Pitching: RHP Zach Kirby
Batting: LHB Octavio Alicea 0-0: Called Strike
0-1: Ball
1-1: Called Strike
1-2: Ball
2-2: Ball
3-2: Strikes out swinging
Batting: RHB Bill Forstner 0-0: Called Strike
0-1: Foul Ball, location: 2F
0-2: Fly out, F6 (Flyball, 56D, EV 86.2 MPH)
Batting: RHB Dave Lowery 0-0: Ball
1-0: SINGLE (Groundball, 56S, EV 70.6 MPH) (infield hit)
Batting: LHB John Pinkham 0-0: Ball
1-0: Foul Ball, location: 2F
1-1: Ball
2-1: Ground out U3 (Groundball, 34, EV 103.8 MPH)
Top of the 1st over - 0 runs, 1 hit, 0 errors, 1 left on base; White Sands 0 - Ruidoso 0
BOTTOM OF THE 1ST
Ruidoso Osos batting - Pitching for White Sands Pupfish : RHP Ashton Raines
Pitching: RHP Ashton Raines
Batting: LHB Alfonso Montez 0-0: Called Strike
0-1: Swinging Strike
0-2: Ground out 1-3 (Groundball, 34S, EV 65.6 MPH)
Batting: RHB Shane Lowe 0-0: Ball
1-0: SINGLE (Groundball, 6MS, EV 95.0 MPH)
Batting: LHB Danny Reyes 0-0: Called Strike
0-1: Ball
1-1: Ball
2-1: Swinging Strike
2-2: DOUBLE (Flyball, 78XD, EV 105.0 MPH)
Shane Lowe to third
Runner from 3rd tries for Home, SAFE, throw by CF to trailing runner, SAFE at third!
Batting: LHB Chris Meyer 0-0: Ground out 4-3 (Groundball, 4, EV 80.6 MPH)
Danny Reyes scores
Batting: RHB Jose Guerrero 0-0: Called Strike
0-1: Swinging Strike
0-2: Ball
1-2: Ball
2-2: Ball
3-2: Strikes out looking
Bottom of the 1st over - 2 runs, 2 hits, 0 errors, 0 left on base; White Sands 0 - Ruidoso 2
TOP OF THE 2ND
White Sands Pupfish batting - Pitching for Ruidoso Osos : RHP Zach Kirby
Batting: SHB Mike Feit 0-0: Foul Ball, location: 2F
0-1: Called Strike
0-2: Ball
1-2: Foul Ball, location: 2F
1-2: Ball
2-2: Ball
3-2: Foul Ball, location: 2F
3-2: Ground out 1-3 (Groundball, 13S, EV 69.4 MPH)
Batting: RHB Kellen Hatheway 0-0: Ball
1-0: Foul Ball, location: 2F
1-1: Ball
2-1: Fly out, F6 (Popup, 6M, EV 77.5 MPH)
Batting: RHB A.J. Nitzschke 0-0: Ball
1-0: Called Strike
1-1: Ball
2-1: Ball
3-1: Foul Ball, location: 2F
3-2: Ground out 6-3 (Groundball, 6, EV 82.5 MPH)
Top of the 2nd over - 0 runs, 0 hits, 0 errors, 0 left on base; White Sands 0 - Ruidoso 2
BOTTOM OF THE 2ND
Ruidoso Osos batting - Pitching for White Sands Pupfish : RHP Ashton Raines
Batting: LHB Felipe Castillo 0-0: DOUBLE (Groundball, 3L, EV 106.9 MPH)
Batting: RHB Jordan Swiss 0-0: Ball
1-0: DOUBLE (Line Drive, 89XD, EV 102.5 MPH)
Felipe Castillo scores
Batting: LHB Jairus Richards 0-0: Swinging Strike
0-1: Foul Ball, location: 2F
0-2: Fly out, F9 (Line Drive, 9, EV 105.0 MPH)
Batting: RHB Zach Kirby 0-0: SINGLE (Groundball, 6D, EV 102.5 MPH)
Jordan Swiss to third
Runner from 3rd tries for Home, SAFE, throw by LF to home
Batting: LHB Alfonso Montez 0-0: Called Strike
0-1: Fly out, F8 (Flyball, 8LD, EV 91.2 MPH)
Batting: RHB Shane Lowe 0-0: Fielders Choice at 2nd, 5-4 (Groundball, 56, EV 85.6 MPH)
Bottom of the 2nd over - 2 runs, 3 hits, 0 errors, 1 left on base; White Sands 0 - Ruidoso 4
TOP OF THE 3RD
White Sands Pupfish batting - Pitching for Ruidoso Osos : RHP Zach Kirby
Batting: RHB Karlos Joseph 0-0: Ground out 5-3 (Groundball, 56, EV 91.9 MPH)
Batting: RHB Ashton Raines 0-0: Ball
1-0: Ball
2-0: Ball
3-0: Called Strike
3-1: Swinging Strike
3-2: Fly out, F8 (Flyball, 8RS, EV 85.0 MPH)
Batting: LHB Octavio Alicea 0-0: Called Strike
0-1: Called Strike
0-2: Foul Ball, location: 2F
0-2: Strikes out swinging
Top of the 3rd over - 0 runs, 0 hits, 0 errors, 0 left on base; White Sands 0 - Ruidoso 4
BOTTOM OF THE 3RD
Ruidoso Osos batting - Pitching for White Sands Pupfish : RHP Ashton Raines
Batting: LHB Danny Reyes 0-0: Ball
1-0: Foul Ball, location: 2F
1-1: Called Strike
1-2: Ball
2-2: Ball
3-2: Ground out 6-3 (Groundball, 6, EV 83.8 MPH)
Batting: LHB Chris Meyer 0-0: Ball
1-0: Ball
2-0: Ball
3-0: Base on Balls
Batting: RHB Jose Guerrero 0-0: Foul Ball, location: 2F
0-1: Foul Ball, location: 2F
0-2: Ball
1-2: Ball
2-2: Foul Ball, location: 2F
2-2: Grounds into double play, 6-4-3 (Groundball, 6, EV 106.9 MPH)
Bottom of the 3rd over - 0 runs, 0 hits, 0 errors, 0 left on base; White Sands 0 - Ruidoso 4
TOP OF THE 4TH
White Sands Pupfish batting - Pitching for Ruidoso Osos : RHP Zach Kirby
Batting: RHB Bill Forstner 0-0: Ball
1-0: Called Strike
1-1: Ball
2-1: Swinging Strike
2-2: Ball
3-2: Base on Balls
Batting: RHB Dave Lowery 0-0: DOUBLE (Line Drive, 9LD, EV 101.2 MPH)
Bill Forstner to third
Batting: LHB John Pinkham 0-0: Foul Ball, location: 2F
0-1: Ball
1-1: Foul Ball, location: 2F
1-2: Ball
2-2: DOUBLE (Line Drive, 9LD, EV 103.1 MPH)
Bill Forstner scores
Dave Lowery scores
Batting: SHB Mike Feit 0-0: Called Strike
0-1: Foul Ball, location: 2F
0-2: Ball
1-2: Foul Ball, location: 2F
1-2: Ground out 4-3 (Groundball, 4, EV 79.4 MPH)
John Pinkham to third
Batting: RHB Kellen Hatheway 0-0: Called Strike
0-1: Foul Ball, location: 2F
0-2: Ball
1-2: Strikes out swinging
Batting: RHB A.J. Nitzschke 0-0: Ball
1-0: Ball
2-0: Foul Ball, location: 2F
2-1: Foul Ball, location: 2F
2-2: Fly out, F9 (Flyball, 89D, EV 95.0 MPH)
Top of the 4th over - 2 runs, 2 hits, 0 errors, 1 left on base; White Sands 2 - Ruidoso 4
BOTTOM OF THE 4TH
Ruidoso Osos batting - Pitching for White Sands Pupfish : RHP Ashton Raines
Batting: LHB Felipe Castillo 0-0: Ball
1-0: Called Strike
1-1: Foul Ball, location: 2F
1-2: Fly out, F8 (Flyball, 8RXD, EV 102.5 MPH)
Batting: RHB Jordan Swiss 0-0: Ball
1-0: Ball
2-0: Ground out 6-3 (Groundball, 6, EV 90.0 MPH)
Batting: LHB Jairus Richards 0-0: Called Strike
0-1: Called Strike
0-2: Strikes out looking
Bottom of the 4th over - 0 runs, 0 hits, 0 errors, 0 left on base; White Sands 2 - Ruidoso 4
TOP OF THE 5TH
White Sands Pupfish batting - Pitching for Ruidoso Osos : RHP Zach Kirby
Batting: RHB Karlos Joseph 0-0: Ball
1-0: TRIPLE (Flyball, 9D, EV 97.5 MPH)
Batting: RHB Ashton Raines 0-0: Foul Ball, location: 2F
0-1: Fly out, F7 (Line Drive, 7, EV 109.4 MPH)
Batting: LHB Octavio Alicea 0-0: Called Strike
0-1: Ball
1-1: SINGLE (Line Drive, 9S, EV 97.5 MPH)
Karlos Joseph scores
Batting: RHB Bill Forstner 0-0: Ball
1-0: Called Strike
Octavio Alicea steals 2nd, throwing error, E2
Octavio Alicea to third
1-1: Swinging Strike
1-2: Fly out, F6 (Popup, 6M, EV 75.0 MPH)
Batting: RHB Dave Lowery 0-0: Ball
1-0: Swinging Strike
1-1: Ball
2-1: DOUBLE (Line Drive, 7LM, EV 104.4 MPH)
Octavio Alicea scores
Batting: LHB John Pinkham 0-0: Called Strike
0-1: Ground out 6-3 (Groundball, 6, EV 86.9 MPH)
Top of the 5th over - 2 runs, 3 hits, 1 error, 1 left on base; White Sands 4 - Ruidoso 4
BOTTOM OF THE 5TH
Ruidoso Osos batting - Pitching for White Sands Pupfish : RHP Ashton Raines
Batting: RHB Zach Kirby 0-0: Foul Ball, location: 2F
0-1: Called Strike
0-2: Fly out, F8 (Flyball, 8RD, EV 98.8 MPH)
Batting: LHB Alfonso Montez 0-0: Called Strike
0-1: Ball
1-1: Foul Ball, location: 2F
1-2: Strikes out looking
Batting: RHB Shane Lowe 0-0: Foul Ball, location: 2F
0-1: Called Strike
0-2: Ball
1-2: Strikes out swinging
Bottom of the 5th over - 0 runs, 0 hits, 0 errors, 0 left on base; White Sands 4 - Ruidoso 4
TOP OF THE 6TH
White Sands Pupfish batting - Pitching for Ruidoso Osos : RHP Zach Kirby
Batting: SHB Mike Feit 0-0: Ball
1-0: Called Strike
1-1: Fly out, F5 (Line Drive, 5, EV 70.0 MPH)
Batting: RHB Kellen Hatheway 0-0: Ground out 6-3 (Groundball, 6, EV 76.9 MPH)
Batting: RHB A.J. Nitzschke 0-0: Ball
1-0: Foul Ball, location: 2F
1-1: Called Strike
1-2: Ball
2-2: Ball
3-2: Strikes out looking
Top of the 6th over - 0 runs, 0 hits, 0 errors, 0 left on base; White Sands 4 - Ruidoso 4
BOTTOM OF THE 6TH
Ruidoso Osos batting - Pitching for White Sands Pupfish : RHP Ashton Raines
Batting: LHB Danny Reyes 0-0: Fly out, F8 (Flyball, 8RD, EV 88.1 MPH)
Batting: LHB Chris Meyer 0-0: Ground out 6-3 (Groundball, 6M, EV 108.1 MPH)
Batting: RHB Jose Guerrero 0-0: Ball
1-0: Called Strike
1-1: Ball
2-1: Foul Ball, location: 2F
2-2: Ball
3-2: Ground out 4-3 (Groundball, 34D, EV 91.2 MPH)
Bottom of the 6th over - 0 runs, 0 hits, 0 errors, 0 left on base; White Sands 4 - Ruidoso 4
TOP OF THE 7TH
White Sands Pupfish batting - Pitching for Ruidoso Osos : RHP Zach Kirby
Batting: RHB Karlos Joseph 0-0: Ball
1-0: Ball
2-0: Ground out 6-3 (Groundball, 6MS, EV 85.0 MPH)
Batting: RHB Ashton Raines 0-0: Ball
1-0: Foul Ball, location: 2F
1-1: Foul Ball, location: 2F
1-2: Ball
2-2: Foul Ball, location: 2F
2-2: Strikes out swinging
Batting: LHB Octavio Alicea 0-0: Ball
1-0: Swinging Strike
1-1: Ball
2-1: Ground out 5-3 (Groundball, 56S, EV 68.1 MPH)
Top of the 7th over - 0 runs, 0 hits, 0 errors, 0 left on base; White Sands 4 - Ruidoso 4
BOTTOM OF THE 7TH
Ruidoso Osos batting - Pitching for White Sands Pupfish : RHP Ashton Raines
Batting: LHB Felipe Castillo 0-0: Called Strike
0-1: Reached via error on a dropped throw from 1B, E1 (Groundball, 34S, EV 88.8 MPH)
Batting: RHB Jordan Swiss 0-0: Ball
Felipe Castillo steals 2nd base
1-0: Called Strike
1-1: Ball
2-1: Fly out, F3 (Popup, 34, EV 60.6 MPH)
Batting: LHB Jairus Richards 0-0: Ground out 6-3 (Groundball, 6, EV 103.8 MPH)
Pinch Hitting: RHB Judah Ivy 0-0: Foul Ball, location: 2F
0-1: Foul Ball, location: 2F
0-2: Ball
1-2: Strikes out swinging
Bottom of the 7th over - 0 runs, 0 hits, 1 error, 1 left on base; White Sands 4 - Ruidoso 4
TOP OF THE 8TH
White Sands Pupfish batting - Pitching for Ruidoso Osos : RHP Zach Kirby
Pitching: RHP Parker Robinson
Batting: RHB Bill Forstner 0-0: Called Strike
0-1: Ball
1-1: Foul Ball, location: 2F
1-2: Strikes out looking
Batting: RHB Dave Lowery 0-0: Called Strike
0-1: Foul Ball, location: 2F
0-2: Ball
1-2: Ground out 6-3 (Groundball, P, EV 83.8 MPH)
Batting: LHB John Pinkham 0-0: Called Strike
0-1: SOLO HOME RUN (Flyball, 9D, EV 96.2 MPH), Distance : 362 ft
Batting: SHB Mike Feit 0-0: Ball
1-0: Called Strike
1-1: Ball
2-1: Fly out, F7 (Flyball, 78D, EV 104.4 MPH)
Top of the 8th over - 1 run, 1 hit, 0 errors, 0 left on base; White Sands 5 - Ruidoso 4
BOTTOM OF THE 8TH
Ruidoso Osos batting - Pitching for White Sands Pupfish : RHP Ashton Raines
Batting: LHB Alfonso Montez 0-0: Fly out, F9 (Flyball, 89M, EV 88.1 MPH)
Batting: RHB Shane Lowe 0-0: Called Strike
0-1: Fly out, F4 (Popup, 34D, EV 48.8 MPH)
Batting: LHB Danny Reyes 0-0: Ball
1-0: Fly out, F4 (Popup, 4, EV 73.1 MPH)
Bottom of the 8th over - 0 runs, 0 hits, 0 errors, 0 left on base; White Sands 5 - Ruidoso 4
TOP OF THE 9TH
White Sands Pupfish batting - Pitching for Ruidoso Osos : RHP Parker Robinson
Batting: RHB Kellen Hatheway 0-0: Ball
1-0: Called Strike
1-1: Called Strike
1-2: Ball
2-2: Ball
3-2: Fly out, F7 (Flyball, 7D, EV 109.4 MPH)
Batting: RHB A.J. Nitzschke 0-0: Called Strike
0-1: Fly out, F9 (Flyball, 89D, EV 75.0 MPH)
Batting: RHB Karlos Joseph 0-0: Ball
1-0: Foul Ball, location: 2F
1-1: Hit by Pitch
Pinch Hitting: RHB Alvin Sanchez 0-0: Ball
Karlos Joseph steals 2nd base
1-0: Ground out 6-3 (Groundball, 6, EV 83.8 MPH)
Top of the 9th over - 0 runs, 0 hits, 0 errors, 1 left on base; White Sands 5 - Ruidoso 4
BOTTOM OF THE 9TH
Ruidoso Osos batting - Pitching for White Sands Pupfish : RHP Ashton Raines
Pitching: RHP Dino Cattai
Batting: LHB Chris Meyer 0-0: Ball
1-0: Foul Ball, location: 2F
1-1: Foul Ball, location: 2F
1-2: Foul Ball, location: 2F
1-2: Ball
2-2: Strikes out swinging
Pinch Hitting: LHB Jonathan Sena 0-0: Called Strike
0-1: Ball
1-1: Swinging Strike
1-2: Ball
2-2: Strikes out swinging
Pinch Hitting: SHB Tony Jauregui 0-0: Called Strike
0-1: Ball
1-1: Foul Ball, location: 2F
1-2: Strikes out looking
Bottom of the 9th over - 0 runs, 0 hits, 0 errors, 0 left on base; White Sands 5 - Ruidoso 4
Wednesday, October 20th , 2021 - OOTP Baseball 22.10 Build 79